 Dungeon Crawl Stone Soup version 0.18.1-48-g4cf74bf (webtiles) character file.

3047 tyrion the Magician (level 9, -3/67 HPs)
             Began as a Mummy Wizard on July 29, 2016.
             Was a Follower of Kikubaaqudgha.
             Shot with an arrow by a centaur (6 damage)
             ... on level 9 of the Dungeon.
             The game lasted 00:21:36 (9624 turns).

tyrion the Magician (Mummy Wizard)                  Turns: 9624, Time: 00:21:38

Health: -3/67      AC:  5    Str: 13    XL:     9   Next: 56%
Magic:  6/16       EV: 14    Int: 20    God:    Kikubaaqudgha [*.....]
Gold:   390        SH:  0    Dex: 13    Spells: 6 memorised, 5 levels left

rFire  x . .     SeeInvis .     q - +0 dagger (elec)
rCold  + . .     Gourm    .     a - +0 robe
rNeg   + + +     Faith    .     (no shield)
rPois  ∞         Spirit   .     b - +0 hat
rElec  .         Dismiss  .     (no cloak)
rCorr  .         Reflect  .     d - +1 pair of gloves
SustAt .         Harm     .     m - +0 pair of boots
MR     +....                    (no amulet)
Stlth  +++.......               j - +3 ring of strength
                                n - +2 ring of dexterity

@: very slightly contaminated, somewhat resistant to hostile enchantments,
fairly stealthy
A: no food or potions, fire vulnerability, cold resistance 1, negative energy
resistance 3, torment resistance, unbreathing
a: Receive Corpses, Renounce Religion


You were on level 9 of the Dungeon.
You worshipped Kikubaaqudgha.
Kikubaaqudgha was aware of your devotion.
You were not hungry.

You visited 2 branches of the dungeon, and saw 10 of its levels.

You collected 390 gold pieces.

Inventory:

Hand Weapons
 e - a +4 whip of pain
 g - a +3 dagger of draining
 q - a +0 dagger of electrocution (weapon)
Armour
 a - a +0 robe (worn)
 b - a +0 hat (worn)
 d - a +1 pair of gloves (worn)
 m - a +0 pair of boots (worn)
Jewellery
 j - a +3 ring of strength (right hand)
 n - a +2 ring of dexterity (left hand)
Scrolls
 f - 4 scrolls of identify
 i - 3 scrolls of fog
 k - a scroll of remove curse
 l - 3 scrolls of teleportation
 o - a scroll of magic mapping
Books
 c - Kikubaaqudgha's Reference Book on Black Magic
   (Kikubaaqudgha gifted it to you on level 9 of the Dungeon)

   Spells                             Type                      Level
   a - Animate Skeleton               Necromancy                   1
   b - Pain                           Necromancy                   1
   c - Corpse Rot                     Necromancy                   2
   d - Vampiric Draining              Necromancy                   3
   e - Control Undead                 Necromancy                   4


   Skills:
 * Level 4.8 Fighting
 * Level 4.1 Short Blades
 * Level 4.2 Dodging
 * Level 4.4 Stealth
 + Level 5.1 Spellcasting
 - Level 3.3 Conjurations
 * Level 2.7 Summonings
 * Level 3.2 Necromancy
 - Level 0.7 Translocations
 - Level 2.7 Air Magic
 - Level 2.0 Poison Magic


You had 5 spell levels left.
You knew the following spells:

 Your Spells              Type           Power        Failure   Level  Hunger
a - Magic Dart            Conj           ###.         2%          1    N/A
b - Blink                 Tloc           N/A          14%         2    N/A
c - Call Imp              Summ           ###.....     6%          2    N/A
d - Repel Missiles        Chrm/Air       ##....       12%         2    N/A
e - Mephitic Cloud        Conj/Pois/Air  ###.....     12%         3    N/A
f - Conjure Flame         Conj/Fire      ##......     21%         3    N/A

Dungeon Overview and Level Annotations

Branches:
Dungeon (9/15)             Temple (1/1) D:7             Orc (0/2) D:9
   Lair: D:8-11

Altars:
Dithmenos
Elyvilon
Fedhas
Gozag
Kikubaaqudgha
Makhleb
Nemelex Xobeh
Pakellas
Qazlal
Ru
Vehumet
Xom
Zin
The Shining One

Shops:
D:3 }   D:4 !   D:8 *

Annotations:
D:8 mask of dragon


Innate Abilities, Weirdness & Mutations

You do not eat or drink.
Your flesh is vulnerable to fire.
You are immune to poison.
Your flesh is cold resistant.
You are immune to negative energy.
You are immune to unholy pain and torment.
You can survive without breathing.


Message History

The orc warrior appears confused.
The orc hits you with a war axe.
You hit the orc.
There is a sudden explosion of sparks!
You kill the orc!
Kikubaaqudgha accepts your kill.
The orc warrior is engulfed in noxious fumes.
The orc warrior appears confused.
The orc warrior is engulfed in noxious fumes.
The orc warrior appears confused.
The orc warrior hits you with a trident!!
* * * LOW HITPOINT WARNING * * *
A centaur comes into view.
Items here: ( )) † a war axe; a hand axe; 25 stones; an orc corpse The centaur wields a shortbow.
The centaur shoots an arrow.
The arrow hits you!
* * * LOW HITPOINT WARNING * * *
The orc warrior is engulfed in noxious fumes.
The orc warrior appears confused.
The centaur shoots an arrow.
The arrow hits you.
You die...
Kikubaaqudgha rasps: "You have failed me!
Welcome... oblivion!"

#.## #....... #..# +.......
##.# #....... #.# #.......
. #.## #####'## .. #..#
#..# ..o ##.# ##.## :.>.
#)# #..# ....o ####@####
#.## ......##..))...#
#####'###
$.....c..§§o...####.......#
..$....#.........##.......#
.......#.......#..#.[.....#
..######.......##.'.......#
. #.......####[......#
#.......# ######+##
###.#####


You could see an orc warrior (confused) and a centaur.

Vanquished Creatures
  Joseph (D:7)
  A hungry ghost (D:5)
  A black bear (D:6)
  A necrophage (D:8)
  3 orc warriors
  An ice beast (D:7)
  3 ogres
  2 phantoms
  4 centaurs
  A big kobold (D:8)
  3 giant frogs
  4 scorpions
  2 quasits
  A centaur zombie (D:5)
  2 hounds
  An orc priest (D:5)
  A centaur skeleton (D:8)
  A gnoll shaman (D:5)
  6 orc wizards
  A giant frog skeleton (D:7)
  3 iguanas
  2 worker ants (D:5)
  3 hound skeletons
  5 gnolls (D:5)
  A worker ant zombie (D:7)
  10 adders
  2 shadow imps
  An ooze (D:5)
  An adder skeleton (D:8)
  2 dart slugs (D:1)
  3 giant geckos
  20 orcs
  2 ball pythons
  11 bats
  4 giant cockroaches
  6 goblins
  5 hobgoblins
  10 jackals
  2 quokkas (D:6)
  3 giant newts (D:1)
  A goblin zombie (D:5)
  19 kobolds
  A quokka skeleton (D:4)
  13 rats
  A rat zombie (D:5)
171 creatures vanquished.

Vanquished Creatures (collateral kills)
  An ice beast (D:8)
  A worm (D:2)
  A goblin (D:1)
  A hobgoblin (D:1)
4 creatures vanquished.

Vanquished Creatures (others)
  An orc wizard (D:8)
1 creature vanquished.

Grand Total: 176 creatures vanquished

Notes
Turn   | Place    | Note
--------------------------------------------------------------
     0 | D:1      | tyrion the Mummy Wizard began the quest for the Orb.
     0 | D:1      | Reached XP level 1. HP: 13/13 MP: 4/4
   379 | D:1      | Reached XP level 2. HP: 10/20 MP: 0/6
   488 | D:1      | Learned a level 2 spell: Blink
   491 | D:1      | Learned a level 2 spell: Call Imp
   494 | D:1      | Learned a level 2 spell: Repel Missiles
   704 | D:1      | Reached skill level 1 in Conjurations
  1069 | D:1      | Reached XP level 3. HP: 25/25 MP: 3/7
  2038 | D:2      | Found a white marble altar of Elyvilon.
  2040 | D:2      | Found a radiant altar of Vehumet.
  2155 | D:2      | Reached skill level 1 in Air Magic
  2797 | D:3      | Reached XP level 4. HP: 31/31 MP: 2/9
  2867 | D:3      | Found an oddly glowing altar of Pakellas.
  2867 | D:3      | Found Pakellas's Prime Provisions.
  3755 | D:4      | Found Ysucsac's Distillery.
  3769 | D:4      | Learned a level 3 spell: Mephitic Cloud
  3820 | D:5      | Entered Level 5 of the Dungeon
  4041 | D:5      | Noticed a centaur
  4067 | D:5      | Reached XP level 5. HP: 19/36 MP: 4/10
  4071 | D:5      | HP: 1/36 [centaur/arrow (7)]
  4293 | D:5      | Found an opulent altar of Gozag.
  4847 | D:5      | Killed a centaur
  4847 | D:5      | Reached skill level 1 in Poison Magic
  4847 | D:5      | Reached XP level 6. HP: 21/42 MP: 8/11
  5416 | D:5      | Reached skill level 4 in Spellcasting
  5497 | D:5      | Learned a level 3 spell: Conjure Flame
  5600 | D:5      | Reached skill level 1 in Fighting
  5818 | D:5      | Noticed a hungry ghost
  5960 | D:5      | Reached XP level 7. HP: 48/48 MP: 10/13
  5977 | D:5      | Killed a hungry ghost
  5977 | D:5      | Reached skill level 1 in Short Blades
  6038 | D:5      | Found a sparkling altar of Nemelex Xobeh.
  6200 | D:6      | Found an opulent altar of Gozag.
  6371 | D:6      | Found a shadowy altar of Dithmenos.
  6371 | D:6      | Found a stormy altar of Qazlal.
  6526 | D:6      | Reached XP level 8. HP: 57/57 MP: 11/14
  6593 | D:6      | Found a sacrificial altar of Ru.
  7217 | D:7      | Found a staircase to the Ecumenical Temple.
  7276 | Temple   | Entered the Ecumenical Temple
  7312 | Temple   | Became a worshipper of Kikubaaqudgha
  7415 | D:7      | Reached skill level 1 in Summonings
  7442 | D:7      | Reached skill level 1 in Necromancy
  7458 | D:7      | Noticed Joseph
  7478 | D:7      | Killed Joseph
  7821 | D:7      | Reached XP level 9. HP: 60/65 MP: 1/16
  8364 | D:8      | Found Piahang's General Store.
  8716 | D:8      | Reached skill level 5 in Spellcasting
  9585 | D:9      | Found a staircase to the Orcish Mines.
  9588 | D:9      | Reached * piety under Kikubaaqudgha
  9588 | D:9      | Received a gift from Kikubaaqudgha
  9589 | D:9      | Identified Kikubaaqudgha's Reference Book on Black Magic (Kikubaaqudgha gifted it to you on level 9 of the Dungeon)
  9624 | D:9      | HP: 3/67 [centaur/arrow (9)]
  9624 | D:9      | Shot with an arrow by a centaur

Skill      XL: |  1  2  3  4  5  6  7  8  9 |
---------------+----------------------------+-----
Dodging        | 2 3 4 |  4.2
Conjurations   | 1 2 3 |  3.3
Air Magic      | 1 2 |  2.7
Poison Magic   | 1 2 |  2.0
Spellcasting   | 4 5 |  5.1
Fighting       | 1 2 4 |  4.8
Short Blades   | 2 3 4 |  4.1
Stealth        | 2 3 4 |  4.4
Summonings     | 1 2 |  2.7
Necromancy     | 1 3 |  3.2
Translocations | |  0.7

Action                   |  1- 3 |  4- 6 |  7- 9 || total
-------------------------+-------+-------+-------++-------
Melee: Whip              |    31 |       |       ||    31
       Unarmed           |     2 |       |       ||     2
       Dagger            |    28 |   138 |   334 ||   500
 Cast: Magic Dart        |    90 |    44 |    56 ||   190
       Call Imp          |     2 |     2 |    14 ||    18
       Mephitic Cloud    |       |    16 |    25 ||    41
       Blink             |       |     6 |     3 ||     9
       Repel Missiles    |       |     2 |     1 ||     3
       Conjure Flame     |       |       |     8 ||     8
  Use: Scroll            |     5 |     5 |     5 ||    15
 Stab: Sleeping          |       |     1 |     2 ||     3
       Confused          |       |     5 |    14 ||    19
       Distracted        |       |       |     1 ||     1
Armor: Robe              |    16 |    23 |   107 ||   146
Dodge: Dodged            |    56 |    82 |   259 ||   397
       Deflected         |       |     1 |     2 ||     3
